Map: Jagannatha LE

Players

MrBarcode

  • Race: Zerg Zerg
  • League: Master
  • Spawn Location: 1:00

llllllllllll - Winner!

  • Race: Zerg Zerg
  • Spawn Location: 7:00

VOD

Have the link to the VOD?

Description

Time

  • Played on: Dec. 19, 2020, 9:15 a.m.
  • Length: 19:25
Show
View Real Time Build Order
Export as new Build Order

MrBarcode Zerg 

Build Orders: Hatch First, Lurkers 

Get SALT Encoding   

  12  0:01  Drone  
  13  0:12  Overlord  
  13  0:20  Drone  
  14  0:31  Drone x2  
  16  0:53  Hatchery  
  16  0:56  Drone x2  
  17  1:02  Drone  
  18  1:13  Extractor  
  18  1:16  Spawning Pool  
  16  1:20  Drone  
  16  1:22  Drone  
  19  1:40  Overlord, Drone  
  19  2:05  Drone  
  19  2:06  Drone x2, Queen x2  
  26  2:13  Zergling x2  
  27  2:18  Zergling x2  
  28  2:27  Drone x2  
  28  2:29  Baneling Nest  
  29  2:45  Metabolic Boost  
  29  2:47  Hatchery  
  28  2:54  Zergling x2  
  28  2:55  Zergling x4  
  31  2:59  Drone  
  31  3:00  Drone  
  33  3:15  Drone x3  
  36  3:29  Overlord x2  
  36  3:40  Baneling x2  
  36  3:41  Baneling x2  
  36  3:51  Drone x5  
  36  3:52  Drone x6  
  47  4:05  Lair  
  47  4:14  Extractor x2  
  45  4:18  Drone x3  
  45  4:19  Drone  
  45  4:20  Drone x2  
  51  4:24  Drone x3  
  51  4:30  Overlord, Extractor  
  51  4:31  Overlord  
  53  4:41  Overlord x3  
  53  4:48  Queen  
  54  5:07  Spire, Zergling x12  
  54  5:08  Zergling x6  
  62  5:19  Drone x3  
  65  5:39  Baneling x3  
  65  5:40  Baneling  
  65  5:41  Baneling  
  58  6:11  Drone x5  
  58  6:12  Drone x4  
  66  6:18  Mutalisk x4  
  66  6:19  Mutalisk x4  
  66  6:20  Zergling x2  
  66  6:21  Zergling x6  
  86  6:31  Baneling  
  86  6:32  Baneling x6  
  86  6:38  Extractor  
  86  6:39  Extractor  
  84  6:43  Evolution Chamber  
  84  6:45  Zerg Flyer Weapons Level 1  
  83  6:51  Drone x6  
  83  6:53  Overlord x2  
  89  7:18  Drone x3  
  89  7:19  Drone x3  
  95  7:23  Mutalisk  
  95  7:24  Mutalisk x3  
  95  7:26  Overlord  
  95  7:27  Overlord x3  
  103  7:33  Hatchery  
  103  7:34  Mutalisk  
  104  7:39  Drone  
  105  8:01  Mutalisk x5  
  115  8:07  Drone x3  
  115  8:09  Extractor  
  117  8:14  Zerg Ground Armor Level 1  
  117  8:17  Drone x3  
  120  8:22  Extractor  
  119  8:30  Mutalisk x2  
  119  8:31  Mutalisk  
  125  8:50  Drone  
  125  8:51  Drone x9  
  125  8:53  Queen  
  137  9:07  Mutalisk x3  
  143  9:10  Overlord x3  
  143  9:11  Overlord  
  143  9:19  Overlord  
  143  9:30  Mutalisk x7  
  157  9:31  Mutalisk  
  157  9:35  Zergling x10  
  157  9:36  Zergling x8  
  168  9:42  Zerg Flyer Weapons Level 2  
  168  9:50  Hatchery  
  167  9:56  Infestation Pit  
  167  9:58  Hydralisk Den  
  165  10:03  Mutalisk x3  
  169  10:24  Zerg Missile Weapons Level 1  
  152  10:37  Mutalisk  
  152  10:38  Mutalisk x5  
  152  10:39  Zergling x2  
  152  10:40  Zergling x32  
  152  11:05  Hive  
  152  11:09  Lurker Den  
  147  11:20  Mutalisk x6  
  147  11:21  Mutalisk  
  147  11:22  Zergling x10  
  166  11:27  Hatchery  
  165  11:32  Queen  
  165  11:33  Queen x2  
  165  11:34  Overlord x2  
  165  11:35  Overlord x2  
  171  11:49  Baneling x18  
  171  11:50  Baneling x7  
  171  11:51  Overlord x4  
  171  12:05  Drone x6  
  177  12:11  Centrifical Hooks  
  148  12:32  Hydralisk x14  
  176  12:41  Drone x3  
  176  12:42  Queen  
  176  12:43  Queen x4  
  189  12:52  Zerg Flyer Weapons Level 3  
  189  12:56  Seismic Spines  
  189  13:00  Zergling x16  
  195  13:06  Overseer  
  195  13:12  Overseer  
  191  13:18  Queen  
  193  13:27  Lurker x3  
  193  13:28  Lurker x4  
  193  13:34  Extractor  
  198  13:35  Extractor  
  194  13:46  Zerg Missile Weapons Level 2  
  167  14:18  Mutalisk  
  167  14:19  Mutalisk x9  
  126  14:54  Hydralisk x14  
  126  14:55  Hydralisk  
  145  15:06  Drone x5  
  147  15:31  Lurker x6  
  147  15:32  Lurker  
  147  15:33  Zergling x14  
  147  15:34  Zergling x6  
  164  15:55  Adaptive Talons  
  164  16:05  Hydralisk  
  164  16:06  Hydralisk x10  
  169  16:24  Hydralisk x5  
  169  16:25  Hydralisk x3  
  184  16:31  Evolution Chamber  
  183  16:39  Drone x13  
  196  16:54  Hatchery  
  195  16:55  Grooved Spines  
  161  17:18  Hydralisk x8  
  161  17:19  Hydralisk x6  
  161  17:21  Hydralisk  
  167  17:38  Overseer x4  
  148  18:06  Muscular Augments  
  113  18:25  Hydralisk x10  
  113  18:26  Hydralisk x4  
  111  18:46  Drone x8  
  111  18:47  Drone  
Show
View Real Time Build Order
Export as new Build Order

llllllllllll Zerg - Winner!

Build Orders: Hatch First, Lurkers, Zergling Baneling 

Get SALT Encoding   

  12  0:00  Drone  
  13  0:12  Overlord  
  13  0:16  Drone  
  14  0:31  Drone x2  
  16  0:37  Drone  
  17  0:51  Hatchery  
  17  0:55  Drone  
  17  0:58  Drone  
  18  1:09  Extractor  
  17  1:14  Spawning Pool  
  17  1:17  Drone  
  17  1:21  Drone  
  18  1:28  Drone  
  19  1:48  Drone  
  20  1:56  Overlord  
  20  2:04  Zergling x4  
  20  2:05  Queen x2  
  26  2:12  Metabolic Boost  
  26  2:32  Drone x2  
  26  2:35  Hatchery, Drone  
  28  2:46  Zergling x4  
  28  2:50  Drone x2  
  32  2:55  Overlord  
  32  3:00  Baneling Nest  
  30  3:15  Drone x2  
  30  3:16  Drone  
  33  3:26  Queen  
  35  3:28  Overlord  
  35  3:33  Drone x4  
  39  3:39  Evolution Chamber  
  38  3:45  Evolution Chamber  
  38  3:48  Drone  
  38  3:51  Roach Warren, Extractor  
  36  3:59  Baneling x6  
  36  4:00  Zergling x2  
  36  4:02  Zergling x2  
  38  4:04  Zergling x2  
  39  4:18  Zergling x4  
  39  4:19  Zergling x6  
  44  4:32  Baneling x3  
  44  4:33  Zergling x10  
  49  4:44  Drone x6  
  55  4:45  Extractor  
  55  4:46  Extractor  
  53  4:54  Zerg Missile Weapons Level 1  
  52  5:10  Drone x4  
  52  5:11  Drone  
  52  5:14  Overlord x3  
  57  5:18  Overlord  
  57  5:28  Zerg Ground Armor Level 1  
  57  5:33  Drone x2  
  57  5:34  Drone  
  60  5:40  Lair  
  59  5:51  Drone x6  
  63  6:00  Overlord x2  
  62  6:06  Roach  
  62  6:07  Roach x2  
  59  6:14  Overlord x2  
  59  6:21  Roach  
  59  6:22  Roach x3  
  67  6:27  Overlord  
  67  6:34  Roach x4  
  67  6:39  Roach x2  
  79  6:41  Glial Reconstitution  
  79  6:47  Drone  
  79  6:48  Drone x3  
  79  6:52  Spore Crawler x2  
  81  6:57  Spore Crawler  
  79  7:13  Spore Crawler  
  78  7:17  Spore Crawler  
  78  7:18  Queen x2  
  78  7:19  Queen  
  78  7:21  Zerg Missile Weapons Level 2  
  78  7:22  Hydralisk Den  
  82  7:28  Spore Crawler  
  81  7:30  Overlord x2  
  81  7:39  Spore Crawler, Drone x3  
  81  7:40  Drone  
  81  7:41  Drone  
  85  7:49  Zerg Ground Armor Level 2  
  85  8:02  Queen x2  
  89  8:07  Tunneling Claws  
  89  8:17  Hydralisk x3  
  89  8:19  Overlord  
  95  8:21  Drone x2  
  95  8:24  Drone x3  
  100  8:28  Drone x2  
  101  8:35  Overlord  
  101  8:36  Overlord x2  
  101  8:38  Burrow  
  101  8:46  Queen  
  103  8:48  Hydralisk  
  103  8:49  Hydralisk x2  
  103  8:53  Extractor  
  108  8:55  Drone  
  108  8:56  Drone  
  108  8:57  Drone x2  
  108  8:58  Drone  
  113  9:06  Hydralisk x3  
  119  9:10  Overlord  
  119  9:11  Overlord  
  119  9:22  Hydralisk x2  
  123  9:31  Hydralisk x3  
  128  9:42  Hatchery  
  127  9:49  Roach  
  129  9:55  Zergling x16  
  129  9:58  Hydralisk x2  
  129  9:59  Hydralisk  
  142  10:17  Hydralisk Den  
  141  10:34  Infestation Pit  
  102  10:53  Queen x3  
  82  11:04  Hydralisk  
  82  11:05  Zergling x2, Hydralisk x16  
  114  11:13  Grooved Spines  
  114  11:15  Drone x2  
  114  11:16  Drone x6  
  121  11:19  Queen  
  123  11:34  Roach x5  
  123  11:35  Roach x5  
  123  11:37  Drone x3  
  146  11:41  Spore Crawler  
  146  11:45  Spore Crawler  
  144  11:53  Drone x9  
  153  11:55  Extractor, Drone  
  153  11:56  Drone x2  
  155  12:03  Lurker Den  
  155  12:04  Hive  
  146  12:24  Muscular Augments  
  146  12:28  Hydralisk  
  146  12:29  Hydralisk x6  
  134  12:39  Roach x7  
  134  12:41  Roach x2  
  134  12:42  Roach  
  134  12:43  Roach  
  134  12:44  Roach x2  
  148  12:45  Roach, Zergling x2  
  148  12:46  Roach x3, Zergling x16  
  148  12:50  Hydralisk x13  
  157  12:55  Roach x2  
  157  12:59  Drone x3  
  157  13:00  Extractor  
  157  13:02  Drone x3  
  162  13:13  Roach x3  
  162  13:15  Roach x2, Hydralisk x2  
  162  13:16  Hydralisk x7  
  162  13:19  Overlord  
  176  13:20  Overlord  
  169  13:36  Lurker x3  
  169  13:37  Lurker  
  172  13:41  Zergling x18  
  172  13:42  Zergling x10  
  172  13:45  Overlord x3  
  172  13:46  Overseer  
  181  13:49  Overseer x2  
  173  14:11  Extractor  
  173  14:12  Hydralisk x8  
  173  14:13  Hydralisk  
  155  14:18  Hydralisk x2  
  119  14:33  Hydralisk x5  
  119  14:34  Hydralisk  
  123  14:52  Hydralisk x3  
  115  14:53  Hydralisk x3  
  115  14:59  Hydralisk x3  
  123  15:09  Hatchery  
  122  15:15  Roach x3  
  128  15:22  Hydralisk x3  
  128  15:24  Lurker  
  128  15:26  Lurker  
  136  15:30  Drone  
  136  15:31  Drone x2  
  139  15:38  Pneumatized Carapace  
  139  15:49  Hatchery  
  138  15:51  Roach x3  
  138  15:52  Roach x5  
  138  15:56  Roach x3  
  160  15:57  Roach  
  158  16:09  Hydralisk x3  
  158  16:10  Hydralisk x2  
  165  16:31  Hydralisk  
  165  16:32  Roach x8  
  183  16:34  Roach  
  183  16:35  Roach x2  
  183  16:39  Roach x3, Drone x4  
  188  16:40  Drone  
  188  16:42  Roach x2  
  188  16:43  Roach  
  188  16:49  Hydralisk x4  
  188  16:51  Lurker  
  188  16:52  Lurker  
  199  16:54  Lurker  
  192  17:02  Extractor  
  192  17:04  Hydralisk x5, Extractor  
  197  17:12  Roach x4  
  197  17:14  Overlord x2  
  186  17:27  Drone x2  
  186  17:28  Drone x3  
  189  17:34  Roach  
  189  17:35  Roach x4  
  185  17:37  Spore Crawler  
  185  17:38  Drone x14  
  185  17:39  Spore Crawler  
  199  17:44  Lurker x4  
  182  18:14  Hydralisk x6  
  182  18:15  Hydralisk x8  
  188  18:24  Roach x6  
  172  18:59  Roach x9  
  172  19:00  Roach x4, Hydralisk  
  200  19:06  Overseer, Spore Crawler  
  200  19:20  Lurker x2  
  200  19:21  Lurker  
Tags
 
Add a new tag
Caveats
  • Supply blocks, unpowered buildings, or Contaminate may cause inaccurate times.
  • Supply counts are checked every 10 seconds.